AoeStats
← Bloody5115

Arabia

510700090Analyzed
1v1 RM · 2d ago on Oct 2, 2026· 35m 21s· 2 players
Game mode
Random Map
Map size
Tiny (2 player)
Population
200
Speed
Normal
Resources
Standard
Victory
Conquest
Starting age
Dark Age
Ending age
Imperial Age
RankedLock teamsTeams togetherTeam positionsShared explorationLock speedFull tech treeHidden civsTurbo modeCheats
Victory
Defeat
🇪🇸 Lithuanians · Spain
462
+14
🇺🇸 Danes · United States
408
-14
Bloody5115
11:07 Feudal Age
13:00 Double-Bit Axe
16:06 Loom
16:53 Town Watch
18:03 Horse Collar
24:13 Bloodlines
30:34 Castle Age
manitasc3rdo
0:27 Loom
13:42 Feudal Age
15:13 Horse Collar
15:21 Double-Bit Axe
18:36 Fletching
26:36 Castle Age
24:59 Gold Mining
25:00 Stone Mining
25:18 Scale Barding Armor
26:35 Bloodlines
27:20 Husbandry
28:07 Wheelbarrow
28:10 Thumb Ring
27:28 Crossbowman
28:37 Heavy Plow
28:51 Forging
29:30 Hand Cart
32:13 Bow Saw
32:44 Stone Shaft Mining
34:14 Town Watch
Connection lost

Rejoining the realm…

Still unreachable

The connection could not be restored.

Session expired

The server has moved on; the page needs a fresh start.